 Dungeon Crawl Stone Soup version 0.24.0-13-gcf9b3192b9 (webtiles) character file.

Game seed: 12533591967357732336, levelgen mode: deterministic

40 Descartes the Scratcher (level 3, 0/15 HPs)
             Began as a Felid Transmuter on Nov 10, 2019.
             Slain by a jackal (3 damage)
             ... on level 2 of the Dungeon.
             The game lasted 00:02:10 (1037 turns).

Descartes the Scratcher (Felid Transmuter)          Turns: 1037, Time: 00:02:10

Health: 0/15       AC:  1    Str:  7    XL:     3   Next: 30%
Magic:  7/7        EV: 18    Int: 14    God:
Gold:   52         SH:  0    Dex: 16    Spells: 5/6 levels left
                                        Lives:  0   Deaths: 0

rFire    . . .     SeeInvis +     - Unarmed
rCold    . . .     Gourm    .   (shield unavailable)
rNeg     . . .     Faith    .   (armour unavailable)
rPois    .         Spirit   .   (helmet unavailable)
rElec    .         Reflect  .   (cloak unavailable)
rCorr    .         Harm     .   (gloves unavailable)
MR       .....                  (boots unavailable)
Stlth    ++........             (no amulet)
HPRegen  0.05/turn              (no ring)
MPRegen  0.10/turn              (no ring)

@: appendage (expiring), quick
A: very small, no armour, no weapons or thrown items, stealth, claws 1, fangs 3,
horns 2, see invisible, carnivore, speed 1, shaggy fur 1, slow metabolism 1,
sharp paws
a: End Transformation


You were on level 2 of the Dungeon.
You were completely stuffed.
You had grown temporary horns.
You visited 1 branch of the dungeon, and saw 2 of its levels.

You collected 52 gold pieces.

Inventory:

Missiles
 a - 12 arrows
 j - 23 stones
Jewellery
 l - an uncursed ring of flight {unknown}
Scrolls
 d - a scroll of teleportation {unknown}
 e - 2 scrolls of amnesia {unknown}
 g - a scroll of blinking {unknown}
 h - a scroll of enchant weapon {unknown}
 i - 2 scrolls of magic mapping {unknown}
 k - 2 scrolls of remove curse {unknown}
Potions
 b - 3 potions of curing {unknown}
Comestibles
 c - 4 rations
 f - 3 chunks of flesh


   Skills:
 + Level 1.2 Fighting
 + Level 3.0 Dodging
 * Level 1.6 Stealth
 * Level 3.3 Unarmed Combat
 + Level 2.2 Spellcasting
 * Level 2.8 Transmutations


You had 5 spell levels left.
You knew the following spells:

 Your Spells              Type           Power        Failure   Level  Hunger
a - Beastly Appendage     Tmut           #.....       8%          1    #......

Your spell library contained the following spells:

 Spells                   Type           Power        Failure   Level  Hunger
 Sticks to Snakes         Tmut           #.......     11%         2    ###....
 Spider Form              Tmut/Pois      #.........   36%         3    ###....
 Ice Form                 Ice/Tmut       #.......     78%         4    #####..
 Blade Hands              Tmut           #.........   90%         5    ######.


Dungeon Overview and Level Annotations

Branches:
Dungeon (2/15)

Altars:


Innate Abilities, Weirdness & Mutations

You cannot wear armour.
You are incapable of wielding weapons or throwing items.
Your paws allow you to move quietly. (Stealth)
You have sharp claws.
You have razor-sharp teeth.
You have supernaturally acute eyesight. (SInv)
You are carnivorous and can eat meat at any time.
You cover ground quickly.
You are covered in fur. (AC +1)
You have a slow metabolism.
Your sharp claws are effective at attacking unaware monsters.
You have a pair of horns on your head.


Message History

The adder is almost dead.
The jackal barely misses you. x2; The adder closely misses you.
The jackal misses you.
You miss the adder.
You headbutt the adder, but do no damage.
The adder is almost dead.
The jackal closely misses you. The adder closely misses you.
The jackal bites you.
* * * LOW HITPOINT WARNING * * *
The jackal barely misses you.
You scratch the adder.
You kill the adder!
The jackal bites you but does no damage.
The jackal barely misses you.
You closely miss the jackal. You headbutt the jackal.
The jackal is lightly wounded.
The jackal misses you. The jackal bites you.
* * * LOW HITPOINT WARNING * * *
The jackal bites you.
You die...

#.........#
#........##
#.........#
##<........#
#..........#
#...÷......#
#.###.......(..#
#.............##
.......@.....#...
#.....†hh........
###.........#....
#.........##...
#........<# ...
#......##### ..
.......%#
.........


You could see 2 jackals.

Vanquished Creatures
  An adder (D:2)
  A dart slug (D:1)
  A leopard gecko (D:1)
  3 bats (D:1)
  3 giant cockroaches (D:1)
  4 goblins (D:1)
  2 hobgoblins (D:1)
  2 jackals (D:2)
  3 ball pythons
  5 frilled lizards (D:1)
  A rat (D:1)
26 creatures vanquished.

Notes
Turn   | Place    | Note
-------+----------+-------------------------------------------
     0 | D:1      | Descartes the Felid Transmuter began the quest for the Orb.
     0 | D:1      | Reached XP level 1. HP: 9/9 MP: 4/4
   102 | D:1      | Reached XP level 2. HP: 12/12 MP: 6/6
   246 | D:1      | Reached skill level 1 in Stealth
  1021 | D:2      | Reached XP level 3. HP: 15/15 MP: 5/7
  1037 | D:2      | Slain by a jackal

Levels and vault maps discovered:
D:1:      sevenhm_arrival_forest_fort_small_5, layout_basic
D:2:      layout_rooms, serial_curves, eino_curves_04, eino_curves_02

Skill      XL: |  1  2 |
---------------+-------+-----
Stealth        | 1 |  1.6
Dodging        | 3 |  3.0
Fighting       | |  1.2
Unarmed Combat | |  3.3
Spellcasting   | |  2.2
Transmutations | |  2.8

Action                   || total
-------------------------++-------
Melee: Unarmed           ||    60
       Punch             ||     2
       Bite              ||     4
       Headbutt          ||     6
 Cast: Beastly Appendage ||     3
 Stab: Sleeping          ||     8
  Eat: Chunk             ||     7
Armor: Skin              ||     2
Dodge: Dodged            ||    81
